 Dungeon Sprint DCSS version 0.27.1-1-g398f81649c (webtiles) character file.

Game seed: 1672210048182359242

19 ugugthedestroyer the Merchant of Misery (level 2, -4/19 HPs)
             Began as a Demonspawn Necromancer on Sept 6, 2021.
             Was a Believer of Kikubaaqudgha.
             Slain by Duvessa (7 damage)
             ... in the Dungeon (Sprint VII: "The Pits").
             The game lasted 00:02:34 (378 turns).

ugugthedestroyer the Merchant of Misery (DsNe)       Turns: 378, Time: 00:02:34

Health: -4/19      AC:  2    Str:  8    XL:     2   Next: 55%
Magic:  0/5        EV: 12    Int: 16    God:    Kikubaaqudgha [**....]
Gold:   0          SH:  0    Dex: 13    Spells: 5/6 levels left

rFire    . . .     SeeInvis .   h - +2 dagger
rCold    . . .     Faith    .   (no shield)
rNeg     . . .     Spirit   .   a - +0 robe
rPois    .         Reflect  .   (helmet restricted)
rElec    .         Harm     .   (no cloak)
rCorr    .         Rampage  .   (no gloves)
Will     .....     NoTele   +   (no boots)
Stlth    ++........             (no amulet)
HPRegen  0.06/turn              (no ring)
MPRegen  0.09/turn              (no ring)

@: no status effects
A: horns 1
a: Renounce Religion, Receive Corpses


You were in the Dungeon.
You worshipped Kikubaaqudgha.
Kikubaaqudgha was pleased with you.
You visited 1 branch

Inventory:

Hand Weapons
 h - a +2 dagger (weapon)
Armour
 a - a +0 robe (worn)
Scrolls
 g - a scroll of blinking
 j - 5 scrolls of amnesia
 k - a scroll of summoning
Potions
 d - a potion of haste
 e - 4 potions of magic
 f - 3 potions of berserk rage
 i - 2 potions of invisibility


   Skills:
 + Level 0.2 Short Blades
 * Level 2.6 Dodging
 - Level 1.7 Stealth
 + Level 0.8 Unarmed Combat
 + Level 2.5 Spellcasting
 + Level 6.3 Necromancy


You had 5 spell levels left.
You knew the following spells:

 Your Spells              Type           Power      Damage    Failure   Level
a - Pain                  Necr           88%        1d8       1%          1

Your spell library contained the following spells:

 Spells                   Type           Power      Damage    Failure   Level
 Animate Skeleton         Necr           44%        N/A       1%          1
 Sublimation of Blood     Necr           11%        N/A       2%          2
 Vampiric Draining        Necr           11%        2d7       4%          3
 Corpse Rot               Necr/Air       N/A        N/A       9%          2
 Animate Dead             Necr           11%        N/A       14%         4
 Agony                    Necr           22%        N/A       38%         5


Dungeon Overview and Level Annotations

Branches:
Dungeon (1/1)

Altars:
Ashenzari
Cheibriados
Dithmenos
Elyvilon
Fedhas
Gozag
Hepliaklqana
Kikubaaqudgha
Makhleb
Nemelex Xobeh
Okawaru
Qazlal
Ru
Sif Muna
Trog
Uskayaw
Vehumet
Wu Jian
Xom
Yredelemnul
Zin
The Shining One
Beogh
Jiyva
Lugonu

Annotations:
D Dowan, Duvessa


Innate Abilities, Weirdness & Mutations

You have a pair of small horns on your head.


Message History

Confirm with . or Enter, or press ? or * to list all spells.
You can't see any susceptible monsters within range! (Use Z to cast anyway.)
Press: ? - help, v - describe, . - travel
Here: a bat skeleton An open door.
You hit the bat skeleton.
The bat skeleton is moderately damaged.
The bat skeleton barely misses you.
The bat skeleton hits you but does no damage.
Casting: Pain (safe; 1% risk of failure)
Confirm with . or Enter, or press ? or * to list all spells.
Aiming: Pain (safe; 1% risk of failure)
Press: ? - help, Shift-Dir - straight line, f - Dowan
Aim: Dowan, wielding a +0 dagger and wearing a +0 robe (chance to affect: 81%) Dowan writhes in agony.
Casting: Pain (safe; 1% risk of failure)
Confirm with . or Enter, or press ? or * to list all spells.
Aiming: Pain (safe; 1% risk of failure)
Press: ? - help, Shift-Dir - straight line, f/p - Dowan
Aim: Dowan, wielding a +0 dagger and wearing a +0 robe (lightly wounded, chance to affect: 81%) Dowan writhes in agony!
You hit Dowan.
Dowan is heavily wounded.
Dowan hits you with a +0 dagger. Duvessa hits you with a +0 short sword!
You hit Dowan but do no damage.
Dowan is heavily wounded.
Dowan casts a spell at you. The puff of frost misses you.
Duvessa hits you with a +0 short sword.
* * * LOW HITPOINT WARNING * * *
You completely miss Dowan.
Dowan is heavily wounded.
Dowan gestures at you while chanting. The puff of frost misses you.
Duvessa closely misses you.
You closely miss Dowan.
Dowan is heavily wounded.
Dowan casts a spell.
Dowan blinks!
Duvessa misses you.
Dowan drinks a potion.
Dowan is healed!
Duvessa hits you with a +0 short sword!
You die...
Kikubaaqudgha rasps: "You have failed me!
Welcome... death!"

#_______...###########
##########'##.........
#.?(.')))'.##......#..
##########.##.........
#...........'.........
#+#####'#####......#..
#e..#†# #.........
#...#.# ####'#####
#..@÷.# #.......#
##e#### #.......# #.Z.
#.......# #....
#...<...# #.....
#.......# #......
#.......# ########
#.......# #########


You could see Duvessa, Dowan and a bat skeleton.

Vanquished Creatures
  An adder (D)
  An ufetubus (D)
  2 bats (D)
  An endoplasm (D)
  A ball python (D)
  A giant cockroach zombie (D)
7 creatures vanquished.

Notes
Turn   | Place    | Note
-------+----------+-------------------------------------------
     0 | D        | ugugthedestroyer the Demonspawn Necromancer began the quest
                  | for the Orb.
     0 | D        | Reached XP level 1. HP: 13/13 MP: 3/3
    61 | D        | Found a bloodstained altar of Trog.
    61 | D        | Found a shimmering blue altar of Sif Muna.
    61 | D        | Found a viscous altar of Jiyva.
    61 | D        | Found a hazy altar of Hepliaklqana.
    61 | D        | Found an opulent altar of Gozag.
    62 | D        | Found a basalt altar of Yredelemnul.
    62 | D        | Found a shimmering altar of Xom.
    62 | D        | Found an ornate altar of the Wu Jian Council.
    62 | D        | Found a sacrificial altar of Ru.
    62 | D        | Found a stormy altar of Qazlal.
    62 | D        | Found an iron altar of Okawaru.
    62 | D        | Found a sparkling altar of Nemelex Xobeh.
    62 | D        | Found a burning altar of Makhleb.
    62 | D        | Found a blossoming altar of Fedhas.
    62 | D        | Found a shadowy altar of Dithmenos.
    62 | D        | Found a snail-covered altar of Cheibriados.
    64 | D        | Found a radiant altar of Vehumet.
    64 | D        | Found a corrupted altar of Lugonu.
    65 | D        | Found a hide-covered altar of Uskayaw.
    65 | D        | Found an ancient bone altar of Kikubaaqudgha.
    65 | D        | Found a broken altar of Ashenzari.
    74 | D        | Became a worshipper of Kikubaaqudgha
    95 | D        | Reached skill level 5 in Necromancy
   129 | D        | Reached * piety under Kikubaaqudgha
   129 | D        | Received a gift from Kikubaaqudgha
   356 | D        | Noticed Dowan
   359 | D        | Reached skill level 6 in Necromancy
   359 | D        | Gained mutation: You have a pair of small horns on your
                  | head. [demonic ancestry]
   359 | D        | Reached XP level 2. HP: 7/19 MP: 1/5
   362 | D        | Noticed Duvessa
   369 | D        | Reached ** piety under Kikubaaqudgha
   378 | D        | Slain by Duvessa

Illustrated notes

Levels and vault maps discovered:
D:        pitsprint [storerooms_1, entrance_room_1, metal_vault_3, armoury_3,
          mini_pit_1, grid_room_1, main_hall_1, silver_pit, the_coven_2,
          the_vestibule_1, steel_vault_3, golden_pit, hallway_of_sentries,
          crystal_vault_5, iron_vault_1, final_vault]

Skill      XL: |  1 |
---------------+----+-----
Dodging        | 2 |  2.6
Necromancy     | 6 |  6.3
Short Blades   | |  0.2
Stealth        | |  1.7
Unarmed Combat | |  0.8
Spellcasting   | |  2.5

Action                   || total
-------------------------++-------
Melee: Unarmed           ||    12
       Dagger            ||    19
 Cast: Pain              ||     9
  Use: Potion            ||     2
Armor: Robe              ||     8
Dodge: Dodged            ||    35
